 Dungeon Sprint DCSS version 0.27-a0-412-g8dd771eca2 (webtiles) character file.

Game seed: 8134973142799942973

1467 Gaff the Fighter (level 8, -2/133 HPs)
             Began as a Minotaur Berserker on Feb 24, 2021.
             Was an Elder of Trog.
             Slain by a crystal guardian (8 damage)
             ... in the Dungeon (Sprint II: "The Violet Keep of Menkaure").
             The game lasted 00:02:48 (514 turns).

Gaff the Fighter (Minotaur Berserker)                Turns: 514, Time: 00:02:48

Health: -2/133     AC:  2    Str: 24    XL:     8   Next: 48%
Magic:  7/7        EV: 14    Int:  4    God:    Trog [****..]
Gold:   486        SH:  0    Dex: 10    Spells: 7/7 levels left

rFire    . . .     SeeInvis .   a - +0 spear
rCold    . . .     Faith    .   (no shield)
rNeg     . . .     Spirit   .   b - +0 animal skin
rPois    .         Reflect  .   (helmet restricted)
rElec    .         Harm     .   (no cloak)
rCorr    .         Rampage  .   (no gloves)
Will     .....     NoTele   +   (no boots)
Stlth    ..........             (no amulet)
HPRegen  0.32/turn              (no ring)
MPRegen  0.10/turn              (no ring)

@: berserking, lethally poisoned (-2 -> -4), slowed
A: retaliatory headbutt, horns 2
a: Renounce Religion, Berserk, Trog's Hand, Brothers in Arms


You were in the Dungeon.
You worshipped Trog.
Trog was greatly pleased with you.
You visited 1 branch You collected 486 gold pieces.

Inventory:

Hand Weapons
 a - a +0 spear (weapon)
Armour
 b - a +0 animal skin (worn)
Scrolls
 h - a scroll of blinking
Potions
 c - a potion of curing
 d - a potion of heal wounds
 e - a potion of haste
 f - 2 potions of magic
 g - a potion of berserk rage


   Skills:
 + Level 14.0 Fighting
 + Level 14.0 Polearms
 + Level 7.9 Armour
 + Level 7.3 Dodging


You had 7 spell levels left.
You didn't know any spells.
Your spell library was empty.

Dungeon Overview and Level Annotations

Branches:
Dungeon (1/1)

Altars:
Cheibriados
Dithmenos
Elyvilon
Fedhas
Gozag
Hepliaklqana
Kikubaaqudgha
Makhleb
Nemelex Xobeh
Okawaru
Qazlal
Ru
Sif Muna
Trog
Uskayaw
Vehumet
Wu Jian
Xom
Yredelemnul
Zin
The Shining One
Beogh
Jiyva
Lugonu


Innate Abilities, Weirdness & Mutations

You reflexively headbutt those who attack you in melee.
You have a pair of horns on your head.


Message History

The death drake is lightly wounded.
You feel sick. The death drake closely misses you.
Press: ? - help, v - describe, . - travel
Here: a crystal guardian The floor.
Unknown command.
You hit the death drake. Your headbutt misses the death drake.
The death drake is lightly wounded.
The crystal guardian barely misses you.
Unknown command.
Press: ? - help, v - describe, . - travel
Here: a death drake (lightly wounded)
A shimmering altar of Xom.
You hit the crystal guardian but do no damage.
You feel sick. The death drake barely misses you.
You closely miss the death drake.
The death drake is lightly wounded.
The crystal guardian misses you. The death drake misses you. x2
The polar bear barely misses the swamp drake.
The polar bear claws the swamp drake.
The polar bear claws the swamp drake but does no damage.
The swamp drake roars!
A red film seems to cover your vision as you go berserk!
You feel yourself moving faster!
You feel mighty!
You feel sick.
You hear an angry growl.
The polar bear seems less confused.
The death drake bites you. The death drake bites you!
The crystal guardian hits you!! The death drake bites you!
* * * LOW HITPOINT WARNING * * *
The death drake barely misses you.
The crystal guardian fires a crystalline bolt at you.
The crystal bolt freezes you!!
* * * LOW HITPOINT WARNING * * *
You puncture the death drake!
The death drake is lightly wounded.
The death drake barely misses you. x2
You closely miss the death drake.
The death drake is lightly wounded.
The crystal guardian hits you!
You die... ..#....# ^^.# .####..#####.^# .# ()$(? ###.##..#..'..# .# ?![?!

##.###..#.$#..# c#▓$[?=?
†'##.'..####..##.#▓$$$$!
##...#§...###.k.##▓▓▓▓▓▓
###.##....÷.≈hkc≈≈≈≈≈≈≈≈
.####≈≈.....≈#y########+
..#≈≈§≈≈≈≈..≈#hk@_._..#≈
.##≈≈§≈≈≈§§.§#.8k._._.#≈
##≈≈≈§§≈≈§≈≈§#._._._._#≈
≈≈≈≈§≈≈≈≈≈§≈≈#_._._._.#§
+++#≈≈≈§≈≈≈≈≈#._._._..#≈
##≈§≈###≈≈#_._._...#≈
##≈≈ #≈≈#._._....#≈
#≈≈#_._.....#§


You could see 2 death drakes, a crystal guardian, 2 polar bears, a yaktaur, a
hornet and 2 swamp drakes.

Vanquished Creatures
  A merfolk siren (D)
  2 slime creatures (D)
  2 wyverns (D)
  4 necrophages (D)
  3 worms (D)
12 creatures vanquished.

Vanquished Creatures (others)
  A slime creature (D)
  Menkaure (D)
  A water moccasin (D)
3 creatures vanquished.

Grand Total: 15 creatures vanquished

Notes
Turn   | Place    | Note
-------+----------+-------------------------------------------
     0 | D        | Gaff the Minotaur Berserker began the quest for the Orb.
     0 | D        | Reached XP level 1. HP: 19/19 MP: 0/0
     1 | D        | Noticed a merfolk siren
    10 | D        | Killed a merfolk siren
    11 | D        | Reached skill level 10 in Fighting
    11 | D        | Reached skill level 10 in Polearms
    11 | D        | Reached skill level 5 in Armour
    11 | D        | Reached skill level 5 in Dodging
    11 | D        | Reached XP level 2. HP: 39/39 MP: 1/1
    11 | D        | Reached XP level 3. HP: 46/46 MP: 2/2
    11 | D        | Reached XP level 4. HP: 52/52 MP: 3/3
    11 | D        | Reached XP level 5. HP: 59/59 MP: 4/4
    11 | D        | Reached XP level 6. HP: 67/67 MP: 5/5
    14 | D        | Noticed a wyvern
    14 | D        | Noticed a wyvern
    22 | D        | Killed a wyvern
    22 | D        | Reached ** piety under Trog
    29 | D        | Killed a wyvern
    30 | D        | Reached XP level 7. HP: 44/75 MP: 6/6
   124 | D        | Killed Menkaure
   187 | D        | Reached *** piety under Trog
   235 | D        | Reached **** piety under Trog
   253 | D        | Found a glowing silver altar of Zin.
   254 | D        | Found a glowing golden altar of the Shining One.
   254 | D        | Found a basalt altar of Yredelemnul.
   254 | D        | Found a hide-covered altar of Uskayaw.
   255 | D        | Found a shimmering altar of Xom.
   255 | D        | Found a bloodstained altar of Trog.
   256 | D        | Found a radiant altar of Vehumet.
   256 | D        | Found a burning altar of Makhleb.
   257 | D        | Found an ornate altar of the Wu Jian Council.
   257 | D        | Found a shimmering blue altar of Sif Muna.
   257 | D        | Found a corrupted altar of Lugonu.
   257 | D        | Found a sparkling altar of Nemelex Xobeh.
   257 | D        | Found a blossoming altar of Fedhas.
   258 | D        | Found a sacrificial altar of Ru.
   258 | D        | Found an ancient bone altar of Kikubaaqudgha.
   258 | D        | Found a white marble altar of Elyvilon.
   259 | D        | Found a stormy altar of Qazlal.
   259 | D        | Found a viscous altar of Jiyva.
   259 | D        | Found a shadowy altar of Dithmenos.
   260 | D        | Found a hazy altar of Hepliaklqana.
   260 | D        | Found a snail-covered altar of Cheibriados.
   264 | D        | Noticed a slime creature
   264 | D        | Noticed a slime creature
   264 | D        | Noticed a slime creature
   287 | D        | Killed a slime creature
   288 | D        | Reached XP level 8. HP: 56/86 MP: 7/7
   289 | D        | Killed a slime creature
   293 | D        | Killed a slime creature
   495 | D        | Noticed a crystal guardian
   496 | D        | Noticed a death drake
   498 | D        | Noticed a death drake
   501 | D        | Found a roughly hewn altar of Beogh.
   501 | D        | Noticed a hornet
   501 | D        | Noticed a polar bear
   501 | D        | Noticed a polar bear
   502 | D        | Found an iron altar of Okawaru.
   502 | D        | Found an opulent altar of Gozag.
   502 | D        | Noticed a yaktaur
   512 | D        | HP: 6/133 [crystal guardian/crystal bolt (33)]
   514 | D        | Slain by a crystal guardian

Illustrated notes

Levels and vault maps discovered:
D:        the_violet_keep_of_menkaure [sprint2_stairs_cluster_1,
          sprint2_shoproom, sprint2_temple, sprint2_basic_supplies,
          sprint2_obstacle_5, sprint2_obstacle_6, sprint2_obstacle_7,
          sprint2_obstacle_4, sprint2_obstacle_3, sprint2_timed_cluster_1,
          sprint2_smallroom_cluster_1, sprint2_smallroom_final_cluster_1,
          sprint2_transparent_cluster_1, sprint2_second_timed_cluster_1,
          sprint2_sniper_area_1, sprint2_heavy_combat_area_1,
          sprint2_mutation_trap_area_1, sprint2_forest_area_1,
          sprint2_light_combat_area_1, sprint2_behind_water_1,
          sprint2_near_end_vault_1]

Skill      XL: |  1  2  3  4  5  6  7  8 |
---------------+-------------------------+-----
Fighting       | 10 11 13 14 | 14.0
Polearms       | 10 11 13 14 | 14.0
Armour         | 5 6 7 |  7.9
Dodging        | 5 6 7 |  7.3

Action                   |  1- 3 |  4- 6 |  7- 9 || total
-------------------------+-------+-------+-------++-------
Melee: Spear             |     7 |    15 |    65 ||    87
       Headbutt          |     3 |     3 |    19 ||    25
Invok: Berserk           |       |       |     2 ||     2
Armor: Animal skin       |       |     1 |       ||     1
Dodge: Dodged            |     2 |     6 |    27 ||    35

Table legend: (Time is in decaauts)
 A = Elapsed time spent in this place.
 B = Non-inter-level travel time spent in this place.
 C = Inter-level travel time spent in this place.
 D = Time resting spent in this place.
 E = Time spent auto-exploring this place.
 F = Levels seen in this place.
 G = Mean time per level.
                   A        B        C        D        E       F      G
               +--------+--------+--------+--------+--------+-----+--------+
         Total |    494 |    494 |      0 |    329 |      0 |   1 |  494.0 |
       Dungeon |    494 |    494 |      0 |    329 |      0 |   1 |  494.0 |
               +--------+--------+--------+--------+--------+-----+--------+

Top non-repeatable levels by time:
       D: 494 daAuts
